 Seeded DCSS version 0.27.1-37-g7b29ead8ac (console) character file.

Game seed: 15394611857323534008 (custom seed)

84 grimtooth the Magician (level 4, 0/34 HPs)
             Began as a Djinni Fire Elementalist on Feb 27, 2023.
             Slain by a gnoll (5 damage)
             ... on level 3 of the Dungeon.
             The game lasted 00:10:42 (2897 turns).

grimtooth the Magician (Djinni Fire Elementalist)   Turns: 2897, Time: 00:10:42

Health: 0/34       AC:  2    Str:  8    XL:     4   Next: 74%
Gold:   91         EV: 12    Int: 23    God:
                   SH:  0    Dex: 13

rFire    + + .     SeeInvis .   j - staff of conjuration
rCold    x . .     Faith    .   (no shield)
rNeg     . . .     Spirit   .   a - +0 robe
rPois    ∞         Reflect  .   (no helmet)
rElec    .         Harm     .   (no cloak)
rCorr    .         Rampage  .   (no gloves)
Will     .....                  (boots unavailable)
Stlth    ++........             (no amulet)
HPRegen  0.11/turn              f - +6 ring of intelligence
MPRegen  0.00/turn              (no ring)

@: flying
A: sickness immunity, fire resistance 2, cold vulnerability 1, float, innate
caster, hp casting, extra vitality 1
a: no special abilities


You were on level 3 of the Dungeon.
You visited 1 branch of the dungeon, and saw 3 of its levels.

You collected 91 gold pieces.

Inventory:

Missiles
 b - 25 stones (quivered)
Armour
 a - a +0 robe (worn)
 d - a +0 kite shield
Magical Staves
 j - a staff of conjuration (weapon)
Jewellery
 f - a +6 ring of intelligence (left hand)
 g - a +6 ring of intelligence
 m - a ring of see invisible
Wands
 e - a wand of flame (19)
Scrolls
 h - 3 scrolls of identify {unknown}
 i - a scroll of amnesia {unknown}
 l - a scroll of silence {unknown}
Potions
 c - a potion of mutation {unknown}
 k - a potion of curing {unknown}
 n - a potion of heal wounds {unknown}
 o - a potion of invisibility {unknown}
 p - a potion of berserk rage {unknown}
 q - a potion of might {unknown}
 r - a potion of degeneration {unknown}


   Skills:
 + Level 2.6 Fighting
 - Level 2.1 Dodging
 - Level 1.5 Stealth
 + Level 3.3 Spellcasting


You couldn't memorise any spells.
You knew the following spells:

 Your Spells              Type           Power      Damage    Failure   Level
a - Foxfire               Conj/Fire      100%       2x1d9     3%          1
b - Conjure Flame         Conj/Fire      28%        6-21      9%          3
d - Sticky Flame          Conj/Fire      28%        2d5       28%         4
f - Fireball              Conj/Fire      14%        3d8       63%         5
i - Inner Flame           Hex/Fire       19%        N/A       9%          3
r - Corona                Hex            21%        N/A       3%          1
Your spell library was empty.

Dungeon Overview and Level Annotations

Branches:
Dungeon (3/15)

Altars:
Qazlal
The Shining One

Shops:
D:1 =

Annotations:
D:2 Jessica


Innate Abilities, Weirdness & Mutations

You are immune to sickness and miasma.
You are immune to poison.
Your flesh is very heat resistant. (rF++)
You are vulnerable to cold. (rC-)
You float through the air rather than walking.
You learn spells naturally, not from books.
Your magical power is your life essence.
You have superior vitality. (+4 HP)


Message History

Casting: Foxfire (safe; 3% risk of failure)
Confirm with . or Enter, or press ? or * to list all spells.
You feel a surge of power!
You conjure some foxfire!
The foxfire hits the gnoll.
You kill the gnoll!
The foxfire hits the gnoll.
The gnoll is moderately wounded.
Press: ? - help, v - describe, . - travel
Here: a gnoll, wielding a +0 spear The floor.
Casting: Foxfire (safe; 3% risk of failure)
Confirm with . or Enter, or press ? or * to list all spells.
You feel a surge of power!
You conjure some foxfire!
The foxfire hits the gnoll!
You kill the gnoll!
You tear a large gash into the net.
The foxfire hits the gnoll.
The gnoll is lightly wounded.
The foxfire hits the gnoll but does no damage.
The gnoll is lightly wounded.
The foxfire hits the gnoll.
The gnoll is heavily wounded.
The gnoll hits you from afar with a +0 spear.
Casting: Foxfire (safe; 3% risk of failure)
Confirm with . or Enter, or press ? or * to list all spells.
You feel a surge of power!
You conjure some foxfire!
The gnoll hits you from afar with a +0 spear!
* * * LOW HITPOINT WARNING * * *
Unknown command.
You rip the net and break free!
The foxfire hits the gnoll.
The gnoll is severely wounded.
The foxfire hits the gnoll.
The gnoll is almost dead.
The gnoll hits you from afar with a +0 spear.
* * * LOW HITPOINT WARNING * * *
Casting: Foxfire (safe; 3% risk of failure)
Confirm with . or Enter, or press ? or * to list all spells.
You feel a surge of power!
You conjure some foxfire!
* * * LOW HITPOINT WARNING * * *
The gnoll hits you from afar with a +0 spear.
You die...

.# #.# #..# ##...#.# .#
#.# ###..#########.##.#
.# #.#
#..............##.# .#
#.# #.##.############.#
.# #.########.##.## #.#
.# ###.##......>..).# #.#
.# #................# #[#
.###)#........#.###.#####
#
.....####.###..)..#.#...
###### #.#
#....v#.#.###.# #.#
#...@vg)......# #.#
#.....#)#.##### # #.#
#.....#.#.# # #.#
##.#.##.#.# #
#.###.###.#g#.# # #.##.##
#..#.. # #...## #.### #
####J# .## # #.# # #.# #
#.# #


You could see a gnoll (ally target).

Vanquished Creatures
  3 gnolls (D:3)
  2 worms
  2 dart slugs (D:1)
  3 ball pythons
  3 endoplasms
  3 giant cockroaches (D:3)
  8 goblins
  4 hobgoblins
  3 kobolds (D:1)
  4 quokkas (D:1)
  4 bats (D:1)
  2 frilled lizards (D:1)
  5 rats
46 creatures vanquished.

Vanquished Creatures (others)
  149 foxfires
149 creatures vanquished.

Grand Total: 195 creatures vanquished

Notes
Turn   | Place    | Note
-------+----------+-------------------------------------------
     0 | D:1      | grimtooth the Djinni Fire Elementalist began the quest for
                  | the Orb.
     0 | D:1      | Reached XP level 1. HP: 15/15 MP: 0/0
     8 | D:1      | Found a faded altar of an unknown god.
   267 | D:1      | Reached skill level 1 in Fighting
   267 | D:1      | Reached XP level 2. HP: 11/22 MP: 0/0
  1286 | D:1      | Reached XP level 3. HP: 26/27 MP: 0/0
  1286 | D:1      | Learned a level 1 spell: Corona
  1747 | D:1      | Found Zoken's Jewellery Emporium.
  1981 | D:2      | Noticed Jessica
  2044 | D:2      | Reached skill level 3 in Spellcasting
  2535 | D:3      | Found a glowing golden altar of the Shining One.
  2536 | D:3      | Found a stormy altar of Qazlal.
  2621 | D:3      | Reached XP level 4. HP: 31/33 MP: 0/0
  2897 | D:3      | Slain by a gnoll

Illustrated notes

Levels and vault maps discovered:
D:1:      dpeg_arrival_arbitrary_c, layout_basic, serial_shops, shop,
          chequers_ecumenical_altar_simple_redux
D:2:      layout_rooms, serial_bayou_pond_a, uniq_jessica
D:3:      layout_loops_ring, chequers_temple_overflow_statue_of_worship

Skill      XL: |  1  2  3 |
---------------+----------+-----
Fighting       | 1 2 |  2.6
Spellcasting   | 3 |  3.3
Dodging        | |  2.1
Stealth        | |  1.5

Action                   |  1- 3 |  4- 6 || total
-------------------------+-------+-------++-------
Throw: Stone             |     2 |       ||     2
 Cast: Foxfire           |    67 |    19 ||    86
       Conjure Flame     |       |     1 ||     1
Armor: Robe              |     5 |       ||     5
Dodge: Dodged            |    23 |       ||    23
